 Dungeon Crawl Stone Soup version 0.27-a0-46-g34d46f0a3f (webtiles) character file.

Game seed: 3296826567629626053

332 Borgoz the Ruffian (level 6, -1/52 HPs)
             Began as a Ghoul Gladiator on Jan 7, 2021.
             Was an Initiate of Okawaru.
             Slain by Menkaure (17 damage)
             ... in the Ecumenical Temple.
             The game lasted 00:03:47 (3783 turns).

Borgoz the Ruffian (Ghoul Gladiator)                Turns: 3783, Time: 00:03:48

Health: -1/52      AC:  7    Str: 18    XL:     6   Next: 52%
Magic:  6/6        EV: 11    Int:  3    God:    Okawaru [......]
Gold:   119        SH:  3    Dex: 12    Spells: 5/5 levels left

rFire    . . .     SeeInvis .     - Unarmed
rCold    + . .     Faith    .   g - +0 buckler
rNeg     + + +     Spirit   .   m - +0 ring mail
rPois    ∞         Reflect  .   b - +0 helmet
rElec    .         Harm     .   u - +0 cloak
rCorr    .         Rampage  .   (no gloves)
Will     +....                  (no boots)
Stlth    +.........             (no amulet)
HPRegen  0.00/turn              d - ring of willpower
MPRegen  0.10/turn              (no ring)

@: no status effects
A: claws 1, cold resistance 1, negative energy resistance 3, inhibited
regeneration, torment resistance, unbreathing
a: Renounce Religion


You were in the Ecumenical Temple.
You worshipped Okawaru.
Okawaru was noncommittal.
You visited 2 branches of the dungeon, and saw 5 of its levels.

You collected 119 gold pieces.

Inventory:

Missiles
 c - a throwing net (quivered)
Armour
 b - a +0 helmet (worn)
 g - a +0 buckler (worn)
 m - a +0 ring mail (worn)
 u - a +0 cloak (worn)
Jewellery
 d - a ring of willpower (left claw)
 i - an uncursed ring of flight
Wands
 v - a wand of digging (5)
Scrolls
 j - 2 scrolls of amnesia
 l - a scroll of fog
Potions
 e - 2 potions of might {unknown}
 k - 2 potions of mutation {unknown}
 n - a potion of flight {unknown}
 o - a potion of cancellation {unknown}
 r - a potion of curing {unknown}
 s - a potion of haste {unknown}
 t - a potion of magic {unknown}


   Skills:
 + Level 3.8 Fighting
 - Level 1.7 Throwing
 + Level 2.3 Armour
 + Level 3.8 Dodging
 + Level 4.6 Unarmed Combat
 + Level 2.2 Invocations


You had 5 spell levels left.
You didn't know any spells.
Your spell library was empty.

Dungeon Overview and Level Annotations

Branches:
Dungeon (4/15)             Temple (1/1) D:4

Altars:
Okawaru
Xom

Annotations:
Temple Menkaure


Innate Abilities, Weirdness & Mutations

You thrive by killing the living.
You are immune to poison.
You have sharp fingernails.
Your flesh is cold resistant. (rC+)
You are immune to negative energy. (rN+++)
You do not regenerate when monsters are visible.
You are immune to unholy pain and torment.
You can survive without breathing.


Message History

You scratch Menkaure but do no damage.
Menkaure is moderately damaged.
Menkaure's bandages flutter.
Menkaure hits you.
You are too injured to fight recklessly!
You are too injured to fight recklessly!
You are too injured to fight recklessly!
You are too injured to fight recklessly!
You are too injured to fight recklessly!
Your shield prevents you from hitting Menkaure.
Menkaure is moderately damaged.
Menkaure hums a few words.
Menkaure hits you.
You scratch Menkaure but do no damage.
Menkaure is moderately damaged.
Menkaure hits you.
You scratch Menkaure.
Menkaure is heavily damaged.
Menkaure hits you!
You die...

## ####
.#...#.P#
.......@#
.....≈MP#
#########


You could see Menkaure.

Vanquished Creatures
  An ogre (D:3)
  Natasha (thrice) (D:2)
  Robin (D:3)
  3 gnolls
  5 adders
  A worm (D:3)
  2 leopard geckos
  8 orcs (D:3)
  6 giant cockroaches
  9 goblins
  11 hobgoblins
  11 kobolds
  2 quokkas
  8 bats
  3 frilled lizards
  8 rats
82 creatures vanquished.

Notes
Turn   | Place    | Note
-------+----------+-------------------------------------------
     0 | D:1      | Borgoz the Ghoul Gladiator began the quest for the Orb.
     0 | D:1      | Reached XP level 1. HP: 17/17 MP: 0/0
   365 | D:1      | Reached XP level 2. HP: 25/25 MP: 1/1
   692 | D:1      | Reached skill level 1 in Armour
   692 | D:1      | Reached XP level 3. HP: 30/30 MP: 2/2
  1392 | D:2      | Found a shimmering altar of Xom.
  1471 | D:2      | Found an iron altar of Okawaru.
  1533 | D:2      | Became a worshipper of Warmaster Okawaru
  1685 | D:2      | Noticed Natasha
  1692 | D:2      | Killed Natasha
  1693 | D:2      | Reached skill level 4 in Unarmed Combat
  1693 | D:2      | Reached XP level 4. HP: 36/38 MP: 3/3
  1956 | D:2      | Noticed Natasha
  1972 | D:2      | Killed Natasha
  1973 | D:2      | Reached skill level 1 in Invocations
  2335 | D:2      | Noticed Natasha
  2342 | D:2      | Killed Natasha
  2343 | D:2      | Reached XP level 5. HP: 45/45 MP: 4/4
  2460 | D:3      | Noticed Robin
  2485 | D:3      | Killed Robin
  2770 | D:3      | Noticed an ogre
  2779 | D:3      | Killed an ogre
  2780 | D:3      | Reached XP level 6. HP: 31/52 MP: 6/6
  3572 | D:4      | Found a staircase to the Ecumenical Temple.
  3580 | D:4      | Noticed Menkaure
  3616 | Temple   | Entered the Ecumenical Temple
  3783 | Temple   | Slain by Menkaure

Illustrated notes

Levels and vault maps discovered:
D:1:      minmay_arrival_nine_rooms, layout_loops_ring
D:2:      layout_loops_corners, tgw_xom, lemuel_crystal_altar, chequers_jeans,
          uniq_natasha
D:3:      layout_basic, uniq_robin
D:4:      layout_loops_cross, minmay_temple_entry_stoned_glass, serial_glass,
          glass_columns_a, glass_columns_a, glass_columns_b, glass_columns_a,
          glass_columns_b, glass_columns_c, glass_columns_c, glass_columns_a,
          glass_columns_c, glass_columns_b, glass_columns_c, glass_columns_b,
          glass_columns_b, glass_columns_a, uniq_menkaure
Temple:   corrupted_temple

Skill      XL: |  1  2  3  4  5 |
---------------+----------------+-----
Armour         | 1 2 |  2.3
Dodging        | 3 |  3.8
Fighting       | 3 |  3.8
Unarmed Combat | 4 |  4.6
Invocations    | 1 2 |  2.2
Throwing       | |  1.7

Action                   |  1- 3 |  4- 6 || total
-------------------------+-------+-------++-------
Melee: Unarmed           |   127 |   170 ||   297
Throw: Throwing net      |       |     2 ||     2
  Use: Scroll            |       |     8 ||     8
 Stab: Held in net/web   |       |     1 ||     1
Armor: Leather armour    |    22 |       ||    22
       Ring mail         |    26 |    42 ||    68
Dodge: Dodged            |    72 |    76 ||   148
Block: Buckler           |     8 |    17 ||    25

Table legend: (Time is in decaauts)
 A = Elapsed time spent in this place.
 B = Non-inter-level travel time spent in this place.
 C = Inter-level travel time spent in this place.
 D = Time resting spent in this place.
 E = Time spent auto-exploring this place.
 F = Levels seen in this place.
 G = Mean time per level.
                   A        B        C        D        E       F      G
               +--------+--------+--------+--------+--------+-----+--------+
         Total |   3779 |   3425 |    354 |    536 |   2291 |   5 |  755.8 |
       Dungeon |   3614 |   3260 |    354 |    379 |   2291 |   4 |  903.5 |
        Temple |    165 |    165 |      0 |    157 |      0 |   1 |  165.0 |
               +--------+--------+--------+--------+--------+-----+--------+

Top non-repeatable levels by time:
     D:2: 1514 daAuts
     D:3: 1175 daAuts
     D:1: 879 daAuts
  Temple: 165 daAuts
     D:4: 45 daAuts
